 Dungeon Crawl Stone Soup version 0.27-a0-3-gcf006a40f5 (webtiles) character file.

Game seed: 2144021575925597577

8060 Dirian the Slicer (level 11, -5/95 HPs)
             Began as a Minotaur Fighter on Jan 1, 2021.
             Was a Priest of Dithmenos.
             Slain by an orc warrior
             ... wielding a +0 halberd
              (30 damage)
             ... on level 9 of the Dungeon.
             The game lasted 00:26:59 (10413 turns).

Dirian the Slicer (Minotaur Fighter)               Turns: 10413, Time: 00:27:00

Health: -5/95      AC:  9    Str: 20    XL:     11   Next: 4%
Magic:  10/10      EV: 15    Int:  5    God:    Dithmenos [***...]
Gold:   727        SH: 12    Dex: 20    Spells: 10/10 levels left

rFire    . . .     SeeInvis .   a - +3 rapier (elec)
rCold    . . .     Faith    .   c - +1 kite shield
rNeg     . . .     Spirit   .   o - +0 swamp dragon scales
rPois    +         Reflect  .   (helmet restricted)
rElec    .         Harm     .   (no cloak)
rCorr    .         Rampage  .   f - +0 pair of gloves
Will     .....                  (no boots)
Stlth    ++++......             (no amulet)
HPRegen  0.25/turn              (no ring)
MPRegen  0.12/turn              k - +6 ring of dexterity

@: wreathed by umbra
A: retaliatory headbutt, horns 2
a: Renounce Religion, Shadow Step


You were on level 9 of the Dungeon.
You worshipped Dithmenos.
Dithmenos was most pleased with you.
You visited 2 branches of the dungeon, and saw 10 of its levels.

You collected 727 gold pieces.

Inventory:

Hand Weapons
 a - a +3 rapier of electrocution (weapon)
 b - a +2 dagger of venom
Armour
 c - a +1 kite shield (worn)
 f - a +0 pair of gloves (worn)
 m - a +0 leather armour
 o - +0 swamp dragon scales (worn)
Jewellery
 k - a +6 ring of dexterity (right hand)
 v - an uncursed ring of fire
Wands
 d - a wand of acid (7)
 e - a wand of disintegration (8) (quivered)
 p - a wand of flame (9)
Scrolls
 i - 3 scrolls of immolation
 l - a scroll of silence {unknown}
 r - 2 scrolls of identify
 t - 3 scrolls of teleportation
 x - 3 scrolls of remove curse
 y - a scroll of enchant weapon
 z - a scroll of blinking
Potions
 g - 3 potions of flight
 h - a potion of ambrosia
 j - 2 potions of attraction
 n - a potion of resistance
 q - 5 potions of curing
 u - a potion of invisibility {unknown}
 w - a potion of heal wounds


   Skills:
 + Level 8.7 Fighting
 + Level 11.8 Short Blades
 - Level 4.0 Armour
 * Level 8.2 Dodging
 * Level 7.2 Stealth
 - Level 5.0 Shields
 * Level 0.2 Invocations
 * Level 0.8 Evocations


You had 10 spell levels left.
You didn't know any spells.
Your spell library contained the following spells:

 Spells                   Type           Power        Failure   Level
 Corona                   Hex            0%           97%         1
 Ensorcelled Hibernation  Hex/Ice        0%           99%         2
 Confusing Touch          Hex            0%           100%        3
 Dazzling Flash           Conj/Hex       0%           100%        3
 Gell's Gravitas          Tloc           0%           100%        3
 Tukima's Dance           Hex            0%           100%        3
 Petrify                  Tmut/Erth      0%           100%        4
 Metabolic Englaciation   Hex/Ice        0%           100%        5
 Yara's Violent Unravell  Hex/Tmut       0%           100%        5


Dungeon Overview and Level Annotations

Branches:
Dungeon (9/15)             Temple (1/1) D:5            Lair (0/6) D:8
    Orc: D:9-12

Altars:
Ashenzari
Cheibriados
Dithmenos
Elyvilon
Fedhas
Gozag
Hepliaklqana
Kikubaaqudgha
Makhleb
Nemelex Xobeh
Okawaru
Qazlal
Ru
Sif Muna
Trog
Uskayaw
Vehumet
Wu Jian
Yredelemnul
Zin
The Shining One

Annotations:
D:8 2 transporters


Innate Abilities, Weirdness & Mutations

You reflexively headbutt those who attack you in melee.
You have a pair of horns on your head.


Message History

Your +2 dagger of venom stops dripping with poison.
You hear the crackle of electricity.
a - a +3 rapier of electrocution (weapon)
You puncture the orc warlord!
The orc warlord is severely wounded.
You block the orc warrior's attack.
The orc warlord hits you with a +1 war axe.
You hit the orc warlord but do no damage.
Lightning courses through the orc warlord!
The orc warlord is severely wounded.
The orc warrior barely misses you.
You closely miss the orc warlord.
You headbutt the orc warlord, but do no damage.
The orc warlord is almost dead.
The orc warlord hits you with a +1 war axe!
* * * LOW HITPOINT WARNING * * *
You hit the orc warlord. You headbutt the orc warlord.
The orc warlord is almost dead.
The orc warrior hits you from afar with a +0 halberd!!
You die...

#.#....+.#.#.#.#...o.........#
#......#.#.#.'.#.o......#######
#......#.#.#.#.#......#.#......
#.#..#.#>#...#.#o...†.#.#......
#....#.#.#...#.#.##)....##..##'
#......#.#...#.#o........#..##.
#......#.#...#.#......##.#.....
#....#.#.#...###o........'.....
#......'.#....@o.....##########
#......#.#....#).....# #....#.
#......#.#...........# #..#.'.
#.[....#.#...###.....# #..#.#.
#......#)#..[#.#.....# #....#.
#.#....###.#.#.#.....# ######.
#...#'## #.#.#.#.....# #..
#...#.# #...#.#.....# #####..
#.#.#.# #...#.'.....# #...###


You could see an orc warlord (extremely poisoned) and an orc warrior (strong).

Vanquished Creatures
  Harold (D:8)
  Maggie (D:8)
  2 yaks (D:8)
  Prince Ribbit (D:7)
  2 wyverns (D:8)
  14 wargs (D:9)
  3 water moccasins
  3 orc warriors
  A sky beast (D:7)
  2 black bears
  An eye of draining (D:9)
  An ice beast (D:6)
  3 ogres
  A necrophage (D:8)
  3 centaurs
  6 bullfrogs
  7 scorpions
  6 killer bees (D:7)
  5 howler monkeys (D:8)
  5 wights (D:6)
  A quasit (D:6)
  A bullfrog zombie (D:8)
  3 hounds
  A jelly (D:9)
  6 orc priests
  6 orc wizards
  5 centaur skeletons
  5 iguanas
  8 worker ants
  A hound skeleton (D:8)
  5 gnolls
  2 howler monkey skeletons
  13 adders
  A shadow imp (D:6)
  2 white imps (D:7)
  5 ufetubi
  An adder zombie (D:6)
  4 adder skeletons
  3 worms
  2 dart slugs (D:2)
  6 leopard geckos
  38 orcs
  5 giant cockroaches
  7 goblins
  6 hobgoblins
  7 jackals
  4 quokkas
  6 bats
  7 frilled lizards
  A jackal skeleton (D:9)
  7 kobolds
  A leopard gecko skeleton (D:4)
  4 rats
242 creatures vanquished.

Vanquished Creatures (collateral kills)
  3 yaks (D:8)
3 creatures vanquished.

Vanquished Creatures (others)
  A wyvern (D:8)
  4 fungi (D:8)
  24 plants
29 creatures vanquished.

Grand Total: 274 creatures vanquished

Notes
Turn   | Place    | Note
-------+----------+-------------------------------------------
     0 | D:1      | Dirian the Minotaur Fighter began the quest for the Orb.
     0 | D:1      | Reached XP level 1. HP: 19/19 MP: 0/0
   566 | D:2      | Reached XP level 2. HP: 27/27 MP: 1/1
   592 | D:2      | Found a glowing silver altar of Zin.
   677 | D:2      | Reached XP level 3. HP: 21/33 MP: 2/2
   808 | D:2      | Found an ancient bone altar of Kikubaaqudgha.
   832 | D:2      | Reached skill level 3 in Short Blades
  1482 | D:3      | Found a sparkling altar of Nemelex Xobeh.
  1482 | D:3      | Found a broken altar of Ashenzari.
  1484 | D:3      | Found a shimmering blue altar of Sif Muna.
  1484 | D:3      | Found a basalt altar of Yredelemnul.
  1500 | D:3      | Reached skill level 1 in Dodging
  1500 | D:3      | Reached XP level 4. HP: 7/40 MP: 3/3
  2282 | D:3      | Reached XP level 5. HP: 46/46 MP: 4/4
  2400 | D:4      | Reached skill level 4 in Short Blades
  2641 | D:4      | Reached skill level 1 in Stealth
  2949 | D:4      | Noticed a centaur
  2955 | D:4      | Killed a centaur
  2956 | D:4      | Reached XP level 6. HP: 37/53 MP: 5/5
  3076 | D:4      | Reached skill level 5 in Shields
  3078 | D:4      | Reached skill level 5 in Short Blades
  3246 | D:4      | Reached skill level 5 in Fighting
  3366 | D:4      | Reached XP level 7. HP: 56/61 MP: 6/6
  3806 | D:5      | Entered Level 5 of the Dungeon
  4095 | D:5      | Reached skill level 6 in Short Blades
  4838 | D:5      | Found an iron altar of Okawaru.
  4839 | D:5      | Found a bloodstained altar of Trog.
  5122 | D:5      | Found a staircase to the Ecumenical Temple.
  5251 | Temple   | Entered the Ecumenical Temple
  5267 | Temple   | Became a worshipper of Dithmenos the Shadowed
  5516 | D:6      | You fall into a shaft and drop 1 floor!
  5523 | D:7      | Reached XP level 8. HP: 66/69 MP: 7/7
  5898 | D:7      | Reached skill level 7 in Short Blades
  5955 | D:7      | Noticed Prince Ribbit
  5964 | D:7      | Killed Prince Ribbit
  5985 | D:7      | Reached skill level 5 in Dodging
  6286 | D:6      | Reached skill level 8 in Short Blades
  6290 | D:6      | Reached * piety under Dithmenos
  6364 | D:6      | Reached XP level 9. HP: 66/78 MP: 8/8
  7070 | D:7      | Found a shadowy altar of Dithmenos.
  7219 | D:8      | Found an ornate altar of the Wu Jian Council.
  7219 | D:8      | Found a hide-covered altar of Uskayaw.
  7219 | D:8      | Noticed a manticore
  7230 | D:8      | Noticed a boulder beetle
  7247 | D:8      | Found a transporter.
  7254 | D:8      | Noticed a troll
  7255 | D:8      | Found a transporter.
  7279 | D:8      | Noticed Maggie
  7293 | D:8      | Killed Maggie
  7294 | D:8      | Reached skill level 9 in Short Blades
  7294 | D:8      | Reached skill level 5 in Stealth
  7597 | D:8      | Reached skill level 10 in Short Blades
  7705 | D:8      | Reached XP level 10. HP: 68/86 MP: 9/9
  7732 | D:8      | Found a staircase to the Lair.
  7733 | D:8      | Reached ** piety under Dithmenos
  7760 | D:8      | Noticed Harold
  7788 | D:8      | Killed Harold
  7881 | D:8      | Found a radiant altar of Vehumet.
  8148 | D:7      | Reached skill level 11 in Short Blades
  9047 | D:9      | Reached *** piety under Dithmenos
  9604 | D:9      | Reached XP level 11. HP: 95/95 MP: 10/10
  9957 | D:9      | Noticed an orc knight
  9957 | D:9      | Noticed an orc warlord
 10413 | D:9      | Slain by an orc warrior

Illustrated notes

Levels and vault maps discovered:
D:1:      dpeg_arrival_pond, layout_basic
D:2:      layout_basic, old_standard_altar, lemuel_altar_in_water
D:3:      layout_basic, chequers_temple_overflow_statue_of_worship
D:4:      layout_loops_ring
D:5:      layout_basic, grunt_temple_overflow_bloody_war, temple_hall
D:6:      layout_basic
D:7:      layout_basic, nicolae_dithmenos_through_a_glass_darkly,
          uniq_prince_ribbit1
D:8:      layout_rooms, gammafunk_temple_overflow_arena,
          nicolae_overflow_hidden_temple, vehumet_altar_wand_db,
          minmay_lair_entry_grove, uniq_harold, uniq_maggie
D:9:      lemuel_castle_with_subvaults [lemuel_castle_interior_original],
          layout_stronghold, grunt_ministairs_14
Temple:   chequers_temple_sunken

Skill      XL: |  1  2  3  4  5  6  7  8  9 10 |
---------------+-------------------------------+-----
Armour         | 4 |  4.0
Fighting       | 4 5 6 7 8 |  8.7
Shields        | 4 5 |  5.0
Short Blades   | 3 4 5 6 8 10 11 | 11.8
Dodging        | 1 2 3 4 5 7 8 |  8.2
Stealth        | 1 2 4 5 7 |  7.2
Invocations    | |  0.2
Evocations     | |  0.8

Action                   |  1- 3 |  4- 6 |  7- 9 | 10-12 || total
-------------------------+-------+-------+-------+-------++-------
Melee: Rapier            |    98 |   109 |   225 |   188 ||   620
       Headbutt          |    14 |    20 |    61 |    61 ||   156
       Dagger            |       |       |     3 |    41 ||    44
Evoke: Wand              |       |       |     3 |       ||     3
  Use: Scroll            |       |    11 |     7 |     2 ||    20
       Potion            |       |     1 |     3 |     1 ||     5
 Stab: Sleeping          |       |     4 |     8 |     8 ||    20
       Distracted        |       |       |       |     3 ||     3
Armor: Scale mail        |    30 |       |       |       ||    30
       Leather armour    |     1 |    13 |    19 |       ||    33
       Swamp dragon scal |       |       |       |    13 ||    13
Dodge: Dodged            |    27 |    37 |    78 |    80 ||   222
Block: Kite shield       |    48 |    43 |    99 |    93 ||   283

Table legend: (Time is in decaauts)
 A = Elapsed time spent in this place.
 B = Non-inter-level travel time spent in this place.
 C = Inter-level travel time spent in this place.
 D = Time resting spent in this place.
 E = Time spent auto-exploring this place.
 F = Levels seen in this place.
 G = Mean time per level.
                   A        B        C        D        E       F      G
               +--------+--------+--------+--------+--------+-----+--------+
         Total |  10383 |   9866 |    517 |    178 |   7699 |  10 | 1038.3 |
       Dungeon |  10150 |   9663 |    487 |    178 |   7507 |   9 | 1127.8 |
        Temple |    233 |    203 |     30 |      0 |    191 |   1 |  233.0 |
               +--------+--------+--------+--------+--------+-----+--------+

Top non-repeatable levels by time:
     D:9: 1818 daAuts
     D:5: 1474 daAuts
     D:4: 1434 daAuts
     D:7: 1305 daAuts
     D:8: 974 daAuts
     D:3: 955 daAuts
     D:2: 910 daAuts
     D:6: 743 daAuts
     D:1: 534 daAuts
  Temple: 233 daAuts
